Map: Frozen Temple

Players

Icone - Winner!

  • Race: Protoss Protoss
  • League: Platinum

blackxored

  • Race: Zerg Zerg
  • League: Platinum

VOD

Have the link to the VOD?

Description

Time

  • Played on: June 26, 2016, 3:59 p.m.
  • Length: 12:52
Show
View Real Time Build Order
Export as new Build Order

Icone Protoss - Winner!

Build Orders: 1 Gate Expand, Mass Adepts 

Get SALT Encoding   

  12  0:02  Probe (Chrono Boost)  
  13  0:12  Probe (Chrono Boost)  
  14  0:20  Pylon  
  14  0:23  Probe (Chrono Boost)  
  15  0:38  Probe (Chrono Boost)  
  15  0:41  Gateway  
  16  0:49  Probe (Chrono Boost)  
  17  0:50  Assimilator  
  17  1:00  Probe (Chrono Boost)  
  18  1:10  Probe (Chrono Boost)  
  19  1:21  Probe (Chrono Boost)  
  20  1:29  Nexus  
  20  1:31  Probe (Chrono Boost)  
  21  1:38  Pylon  
  21  1:42  Probe (Chrono Boost)  
  22  1:47  Assimilator  
  22  1:56  Cybernetics Core  
  22  1:59  Probe (Chrono Boost)  
  23  2:10  Probe (Chrono Boost)  
  24  2:24  Gateway  
  24  2:36  Probe (Chrono Boost)  
  25  2:43  Gateway  
  25  2:50  Adept  
  27  2:53  Probe x2 (Chrono Boost)  
  27  2:57  Pylon  
  29  3:03  Pylon  
  29  3:04  Mothership Core (Chrono Boost)  
  32  3:05  Probe (Chrono Boost)  
  32  3:16  Probe (Chrono Boost)  
  33  3:21  Pylon  
  33  3:24  Adept x2  
  33  3:26  Probe x2 (Chrono Boost)  
  39  3:31  Adept  
  41  3:37  Probe (Chrono Boost)  
  41  3:38  Probe (Chrono Boost)  
  41  3:41  Warp Gate (Chrono Boost)  
  43  3:45  Twilight Council  
  43  3:47  Probe (Chrono Boost)  
  44  3:57  Robotics Facility  
  44  4:08  Adept x3  
  50  4:11  Probe  
  50  4:13  Probe  
  52  4:23  Probe  
  53  4:25  Resonating Glaives (Chrono Boost)  
  53  4:35  Adept x2  
  57  4:52  Adept  
  55  5:02  Adept  
  57  5:23  Nexus  
  57  5:25  Pylon  
  57  5:27  Pylon  
  54  5:44  Warp Prism  
  54  5:46  Pylon  
  54  5:48  Gateway  
  56  5:55  Gateway x2  
  56  5:58  Gateway  
  56  6:00  Gateway  
  56  6:05  Probe x2  
  58  6:17  Probe  
  59  6:23  Charge (Chrono Boost)  
  59  6:27  Adept x3  
  65  6:38  Probe  
  66  6:40  Probe x2  
  68  6:50  Adept x5  
  68  6:51  Adept  
  80  6:55  Adept  
  82  7:12  Adept x3  
  82  7:13  Adept x3  
  82  7:14  Adept  
  94  7:46  Adept x3  
  94  7:47  Adept x4  
  96  8:15  Adept x4  
  96  8:16  Adept x4  
  90  8:35  Adept  
  90  8:36  Adept x4  
  90  8:37  Adept x3  
  102  9:01  Adept x3  
  98  9:18  Adept x4  
  98  9:19  Adept  
  92  9:33  Zealot x3  
  98  9:40  Zealot  
  98  9:41  Zealot x4  
  108  9:59  Zealot x2  
  108  10:00  Zealot  
  108  10:05  Zealot x2  
  108  10:06  Zealot x3  
  74  10:25  Immortal  
  74  10:28  Zealot x3  
  80  10:29  Zealot x5  
  78  10:50  Zealot x4  
  78  10:51  Zealot x4  
  94  11:04  Immortal (Chrono Boost)  
  92  11:12  Zealot x2  
  92  11:13  Zealot x5  
  92  11:16  Zealot  
  108  11:47  Immortal (Chrono Boost)  
  108  11:50  Pylon  
  108  11:51  Pylon  
  106  11:58  Pylon  
  106  12:00  Pylon  
  106  12:03  Pylon  
  106  12:04  Zealot  
  102  12:18  Zealot x2  
  102  12:19  Zealot x5  
  108  12:40  Zealot x4  
  108  12:41  Zealot x3  
Show
View Real Time Build Order
Export as new Build Order

blackxored Zerg 

Build Orders: Hatch First 

Get SALT Encoding   

  12  0:01  Drone  
  13  0:09  Drone  
  14  0:17  Overlord  
  14  0:26  Extractor  
  14  0:27  Drone  
  15  0:39  Drone x2  
  17  0:54  Hatchery  
  16  0:57  Drone  
  16  1:00  Drone  
  18  1:12  Extractor  
  18  1:17  Spawning Pool  
  16  1:19  Drone  
  16  1:22  Drone  
  18  1:29  Drone  
  19  1:38  Drone  
  20  1:58  Overlord  
  20  2:14  Hatchery  
  19  2:17  Zergling x6  
  19  2:18  Zergling x2, Queen  
  25  2:26  Queen  
  27  2:35  Metabolic Boost  
  27  2:42  Drone x2  
  27  2:44  Drone  
  30  2:47  Drone  
  31  2:57  Drone  
  31  2:58  Drone x2  
  34  3:04  Overlord  
  34  3:10  Queen  
  36  3:21  Overlord  
  36  3:25  Drone x3  
  39  3:30  Drone x3  
  39  3:31  Drone  
  39  3:34  Pneumatized Carapace  
  43  3:49  Queen  
  43  3:51  Drone x5  
  50  4:07  Drone  
  50  4:09  Roach Warren  
  49  4:10  Extractor, Drone x3  
  49  4:12  Drone  
  49  4:13  Overlord x2  
  52  4:17  Queen  
  54  4:25  Zergling x2  
  54  4:26  Zergling x6  
  54  4:27  Overlord  
  40  5:00  Drone x12  
  40  5:03  Queen  
  56  5:14  Queen  
  58  5:25  Drone  
  58  5:28  Lair  
  57  5:31  Drone x5  
  57  5:35  Drone x2  
  63  5:36  Drone  
  63  5:37  Drone  
  65  5:46  Drone  
  65  5:47  Drone  
  65  5:48  Evolution Chamber x2  
  65  6:08  Extractor  
  65  6:09  Extractor, Drone  
  65  6:10  Drone x2  
  66  6:11  Drone  
  66  6:12  Drone x6  
  66  6:16  Zerg Missile Weapons Level 1, Zerg Ground Armor Level 1, Hatchery  
  66  6:17  Roach  
  66  6:18  Roach  
  76  6:20  Roach  
  76  6:23  Roach  
  80  6:26  Overlord  
  80  6:38  Drone  
  81  6:42  Glial Reconstitution  
  81  6:44  Overlord x3  
  81  6:45  Drone  
  82  6:47  Roach x2  
  86  6:54  Drone  
  86  6:55  Extractor  
  86  6:56  Drone x3  
  86  6:58  Overlord x4  
  89  7:01  Overseer  
  89  7:02  Extractor  
  88  7:12  Ravager x2  
  88  7:13  Overseer  
  90  7:17  Roach x2  
  90  7:22  Roach x2  
  98  7:33  Roach  
  98  7:34  Roach x5  
  98  7:36  Roach x2  
  100  7:44  Roach x2  
  100  7:45  Roach x2  
  104  7:52  Roach x3  
  104  7:58  Roach x3  
  101  8:08  Roach x3  
  103  8:19  Drone x14  
  110  8:33  Roach x4  
  116  8:37  Spore Crawler  
  116  8:40  Lair, Spine Crawler  
  114  8:43  Drone  
  113  8:52  Roach x2  
  113  8:53  Zergling x2  
  107  9:06  Drone x5  
  92  9:24  Roach  
  92  9:25  Roach x2  
  92  9:26  Zergling x8  
  102  9:36  Drone x3  
  89  10:00  Hatchery  
  67  10:20  Drone x4  
  67  10:21  Drone x6  
  60  11:13  Spawning Pool  
  59  11:23  Drone x7  
  66  11:39  Drone x4  
  66  11:47  Drone x3  
  59  12:26  Drone x6  
  59  12:27  Drone x2  
Tags
 
Add a new tag
Caveats
  • Supply blocks, unpowered buildings, or Contaminate may cause inaccurate times.
  • Supply counts are checked every 10 seconds.